 Dungeon Crawl Stone Soup version 0.21.1-1-g345015f (webtiles) character file.

943 iamserjio the Sneak (level 8, -6/55 HPs)
             Began as an Octopode Monk on Apr 8, 2018.
             Mangled by Duvessa
             ... wielding a +0 short sword
              (12 damage)
             ... on level 4 of the Dungeon.
             The game lasted 00:14:58 (5163 turns).

iamserjio the Sneak (Octopode Monk)                 Turns: 5163, Time: 00:14:59

Health: -6/55      AC:  1    Str: 11    XL:     8   Next: 12%
Magic:  8/8        EV: 18    Int: 12    God:
Gold:   239        SH:  5    Dex: 21    Spells: 7/7 levels left

rFire    . . .     SeeInvis .   t - +7 mace "Jiq Vod" {crush, rElec rPois}
rCold    . . .     Gourm    .   r - +0 buckler (curse)
rNeg     . . .     Faith    .   (helmet restricted)
rPois    +         Spirit   .   (no amulet)
rElec    +         Reflect  .   d - +5 ring of dexterity
rCorr    .         Harm     .   (no ring)
MR       .....                  (no ring)
Stlth    +++++.....             (no ring)
HPRegen  0.18/turn              (no ring)
MPRegen  0.11/turn              (no ring)
                                (no ring)
                                (no ring)

@: no status effects
A: almost no armour, stealthy swim, amphibious, 8 rings, constrict 8, camouflage
1, gelatinous body 1
a: no special abilities


You were on level 4 of the Dungeon.
You were not hungry.

You visited 1 branch of the dungeon, and saw 4 of its levels.
You also visited: Ossuary.

You collected 239 gold pieces.

Inventory:

Hand Weapons
 a - a +0 short sword
 e - a +1 mace of protection
 l - a cursed -2 dagger
 m - a +2 dagger of venom
 t - the +7 mace "Jiq Vod" (weapon) {crush, rElec rPois}
   (You found it on level 4 of the Dungeon)

   It inflicts extra damage upon your enemies.
   It insulates you from electricity.
   It protects you from poison.
Armour
 r - a cursed +0 buckler (worn)
Jewellery
 d - a +5 ring of dexterity (left tentacle)
Wands
 w - a wand of flame (12)
Scrolls
 c - a scroll of immolation {unknown}
 g - 2 scrolls of blinking {unknown}
 h - 3 scrolls of magic mapping {unknown}
 i - 2 scrolls of amnesia {unknown}
 k - 2 scrolls of remove curse {unknown}
 p - 2 scrolls of teleportation {unknown}
 q - a scroll of enchant weapon {unknown}
 u - a scroll of identify {unknown}
 v - a scroll of noise {unknown}
Potions
 f - 2 potions of ambrosia {unknown}
 j - 6 potions of agility {unknown}
 n - 2 potions of curing {unknown}
 o - 2 potions of magic {unknown}
 s - a potion of flight {unknown}
 x - a potion of brilliance {unknown}
Comestibles
 b - 7 rations
 z - 7 chunks of flesh


   Skills:
 + Level 5.1 Fighting
 - Level 3.1 Short Blades
 * Level 6.6 Dodging
 - Level 7.0 Stealth
 + Level 2.3 Shields


You had 7 spell levels left.
You didn't know any spells.

Dungeon Overview and Level Annotations

Branches:
Dungeon (4/15)
 Temple: D:4-7

Altars:

Annotations:
D:4 Duvessa; Natasha; Oravi's ghost, novice MfTm


Innate Abilities, Weirdness & Mutations

You cannot wear most types of armour.
You are very stealthy in the water. (Stealth+)
You are amphibious.
You can wear up to eight rings at the same time.
You can use your tentacles to constrict eight enemies at once.
Your skin changes colour to match your surroundings (Stealth+).
Your rubbery body absorbs attacks. (AC +1, EV +1)


Message History

* * * LOW HITPOINT WARNING * * *
Duvessa rages.
You block Duvessa's attack. Duvessa barely misses you.
Oravi's ghost turns its malevolent gaze towards you.
Duvessa rages.
You block Duvessa's attack.
There is a stone staircase leading down here.
Duvessa closely misses you. You block Oravi's ghost's attack.
Natasha, Servant of Life and Death comes into view.
You block Duvessa's attack.
There is a stone staircase leading up here.
Natasha hisses angrily.
You block Duvessa's attack. Duvessa hits you with a short sword!
* * * LOW HITPOINT WARNING * * *
Oravi's ghost wails.
Duvessa hits you with a short sword!
You die...

#.##.#..#.## #.#
#.##.#.....#####.#
#.##.#h.....>....# #
#.##.#.#...############
#.#....##.## #.....
#.......<.########.####
##.....W...............
#....e###########.####
##...@# #. # ####.# #.
# #.# #.####
#.###########...#.
#.................
#############...#.
##...# ###.# #.#


You could see Duvessa (berserk), Natasha and Oravi's ghost.

Vanquished Creatures
  Sigmund (D:4)
  An ogre (D:4)
  2 elf zombies (Ossuary)
  Dowan (D:4)
  A scorpion (D:4)
  A hound (D:2)
  A human zombie (Ossuary)
  Crazy Yiuf (D:4)
  A bullfrog skeleton (D:4)
  Ijyb (D:4)
  Natasha (twice) (D:4)
  2 big kobold zombies (Ossuary)
  2 mummies (Ossuary)
  Robin (D:2)
  3 adders
  2 oozes
  3 adder zombies (Ossuary)
  3 worms
  2 dart slugs (D:2)
  3 leopard geckos
  9 orcs
  A ball python (D:1)
  9 bats
  5 giant cockroaches
  18 goblins
  11 hobgoblins
  5 jackals (D:3)
  A quokka (D:2)
  5 frilled lizards
  2 goblin zombies (D:4)
  9 hobgoblin zombies (Ossuary)
  6 kobolds
  13 kobold zombies (Ossuary)
  4 orc zombies (Ossuary)
  11 rats
  2 rat zombies (Ossuary)
145 creatures vanquished.

Notes
Turn   | Place    | Note
-------+----------+-------------------------------------------
     0 | D:1      | iamserjio the Octopode Monk began the quest for the Orb.
     0 | D:1      | Reached XP level 1. HP: 16/16 MP: 1/1
    42 | D:1      | Reached skill level 3 in Stealth
    43 | D:1      | Reached XP level 2. HP: 18/21 MP: 2/2
   392 | D:1      | Reached XP level 3. HP: 25/26 MP: 3/3
  1099 | D:2      | Noticed Robin
  1138 | D:1      | Reached skill level 4 in Stealth
  1284 | D:1      | Reached XP level 4. HP: 15/31 MP: 4/4
  1533 | D:2      | Killed Robin
  2125 | D:2      | Reached XP level 5. HP: 33/37 MP: 5/5
  2579 | D:3      | Reached skill level 5 in Stealth
  3362 | D:4      | Found a sand-covered staircase.
  3424 | Ossuary  | Entered an ossuary
  3752 | Ossuary  | Reached XP level 6. HP: 43/43 MP: 6/6
  3814 | Ossuary  | Reached skill level 5 in Dodging
  3814 | Ossuary  | Reached skill level 6 in Stealth
  4220 | Ossuary  | Reached XP level 7. HP: 33/49 MP: 7/7
  4326 | D:4      | Noticed Oravi's ghost (novice MfTm)
  4398 | D:4      | Noticed Natasha
  4406 | D:4      | Killed Natasha
  4429 | D:4      | Found a runed door.
  4433 | D:4      | Noticed Crazy Yiuf
  4438 | D:4      | Killed Crazy Yiuf
  4438 | D:4      | Reached skill level 7 in Stealth
  4445 | D:4      | Got a dazzling mace
  4447 | D:4      | Identified the +7 mace "Jiq Vod" {crush, rElec rPois} (You found it on level 4 of the Dungeon)
  4706 | D:4      | Noticed Natasha
  4711 | D:4      | Reached skill level 1 in Shields
  4713 | D:4      | Killed Natasha
  4972 | D:4      | Noticed Duvessa
  4976 | D:4      | Noticed Ijyb
  4981 | D:4      | Noticed Dowan
  5022 | D:4      | Killed Ijyb
  5067 | D:4      | Noticed Sigmund
  5076 | D:4      | Killed Sigmund
  5076 | D:4      | Reached skill level 5 in Fighting
  5076 | D:4      | Reached XP level 8. HP: 48/55 MP: 8/8
  5141 | D:4      | Killed Dowan
  5159 | D:4      | Noticed Natasha
  5163 | D:4      | Mangled by Duvessa

Skill      XL: |  1  2  3  4  5  6  7 |
---------------+----------------------+-----
Stealth        | 3 4 5 6 7 |  7.0
Dodging        | 4 5 6 |  6.6
Fighting       | 4 5 |  5.1
Shields        | 2 |  2.3
Short Blades   | |  3.1

Action                   |  1- 3 |  4- 6 |  7- 9 || total
-------------------------+-------+-------+-------++-------
Melee: Short sword       |    14 |    11 |    15 ||    40
       Tentacles         |     7 |    63 |    14 ||    84
       Mace              |    63 |    63 |    35 ||   161
       Constrict         |    25 |    60 |    12 ||    97
       Dagger            |       |   112 |       ||   112
  Use: Potion            |       |     2 |       ||     2
 Stab: Sleeping          |     8 |    14 |     3 ||    25
       Distracted        |       |     1 |     1 ||     2
  Eat: Chunk             |     1 |     8 |     1 ||    10
       Ration            |       |       |     1 ||     1
Armor: Skin              |    15 |    14 |       ||    29
Dodge: Dodged            |    67 |   121 |    27 ||   215
Block: Buckler           |       |       |    13 ||    13
